 Dungeon Crawl Stone Soup version 0.30-a0-782-ge64f9170bb (webtiles) character file.

Game seed: 16961945073281070084

46 Barriton the Conjurer (level 3, -10/22 (26) HPs)
             Began as a Draconian Conjurer on Feb 21, 2023.
             Mangled by Terence
             ... wielding the +7 Throatcutter {drain, coup de grace}
              (12 damage)
             ... on level 2 of the Dungeon.
             The game lasted 00:02:44 (1403 turns).

Barriton the Conjurer (Draconian Conjurer)          Turns: 1403, Time: 00:02:45

HP:   -10/22 (26)   AC:  6    Str: 15    XL:     3   Next: 44%
MP:   4/6           EV: 12    Int: 20    God:
Gold: 106           SH:  0    Dex:  9    Spells: 3/6 levels left

rFire   . . .      SeeInvis .    (no weapon)
rCold   . . .      Faith    .    (no shield)
rNeg    . . .      Spirit   .    (body armour unavailable)
rPois   .          Reflect  .    (helmet restricted)
rElec   .          Harm     .    e - +0 cloak
rCorr   .          Rampage  .    (no gloves)
Will    .....                    (no boots)
Stlth   ++                       (no amulet)
HPRegen 0.23/turn                k - +6 ring of strength
MPRegen 0.10/turn                (no ring)

@: heavily drained
A: AC +5, unfitting armour, cold-blooded
a: no special abilities


You were on level 2 of the Dungeon.
You visited 1 branch of the dungeon, and saw 2 of its levels.

You collected 106 gold pieces.

Inventory:

Armour
 e - a +0 cloak (worn)
Jewellery
 k - a +6 ring of strength (left hand)
Scrolls
 b - 2 scrolls of blinking
 f - a scroll of amnesia
Potions
 c - a potion of haste {unknown}
 d - 2 potions of heal wounds {unknown}
 g - a potion of curing {unknown}
 i - 2 potions of flight {unknown}


   Skills:
 + Level 1.9 Dodging
 + Level 2.1 Stealth
 + Level 0.1 Unarmed Combat
 + Level 2.2 Spellcasting
 + Level 4.8 Conjurations


You had 3 spell levels left.
You knew the following spells:

 Your Spells              Type           Power      Damage    Failure   Level
a - Magic Dart            Conj           84%        1d7       1%          1
b - Searing Ray           Conj           42%        2d6       3%          2

Your spell library contained the following spells:

 Spells                   Type           Power      Damage    Failure   Level
 Dazzling Flash           Conj/Hex       24%        N/A       17%         3
 Fulminant Prism          Conj/Hex       6%         3d7       50%         4
 Iskenderun's Mystic Bla  Conj/Tloc      12%        2d5       50%         4


Dungeon Overview and Level Annotations

Branches:
Dungeon (2/15)

Altars:

Annotations:
D:2 Terence


Innate Abilities, Weirdness & Mutations

Your plain brown scales are hard. (AC +5)
You cannot fit into any form of body armour.
You are cold-blooded and may be slowed by cold attacks.


Message History

Aim: Terence, wielding the +7 Throatcutter {drain, coup de grace} and wearing a +0 scale mail (asleep, 100% to hit)
The searing ray hits Terence but does no damage.
Terence shouts! (Press . to maintain the ray.)
You hear a shout!
Terence hits you with the +7 Throatcutter {drain, coup de grace}!
You feel drained.
The searing ray hits Terence.
Terence is moderately wounded.
Terence asks, "Do you want it fast or slow?"
Terence hits you with the +7 Throatcutter {drain, coup de grace}.
You feel drained.
The searing ray hits Terence!
Terence is severely wounded.
Terence drinks a potion.
Terence goes berserk!
The searing ray hits Terence but does no damage.
Terence is severely wounded.
You finish channelling your searing ray.
Terence hits you with the +7 Throatcutter {drain, coup de grace}!
* * * LOW HITPOINT WARNING * * *
You feel drained.
* * * LOW HITPOINT WARNING * * *
Casting: Searing Ray (safe; 3% risk of failure)
Confirm with . or Enter, or press ? or * to list all spells.
Okay, then.
You are too injured to fight recklessly!
Okay, then.
Magic courses through your body. Terence barely misses you.
Terence hits you but does no damage.
You feel drained.
Casting: Searing Ray (safe; 3% risk of failure)
Confirm with . or Enter, or press ? or * to list all spells.
Aiming: Searing Ray (safe; 3% risk of failure)
Press: ? - help, Shift-Dir - straight line, f/p - Terence
Aim: Terence, wielding the +7 Throatcutter {drain, coup de grace} and wearing a +0 scale mail (severely wounded, berserk, 81% to hit)
The searing ray hits Terence.
Terence is almost dead. (Press . to maintain the ray.) Terence hits you with the +7 Throatcutter {drain, coup de grace}!
Ouch! That really hurt!
You die...

#######
.....
#..###
#@..#
#@.#.#
...## #
#.##
... ...
#.. ...


You could see Terence (berserk).

Vanquished Creatures
  A gnoll (D:1)
  5 endoplasms (D:1)
  2 giant cockroaches (D:1)
  4 goblins (D:1)
  6 hobgoblins (D:1)
  2 quokkas (D:1)
  4 ball pythons (D:1)
  3 bats (D:1)
  A frilled lizard (D:1)
  4 rats (D:1)
32 creatures vanquished.

Notes
Turn   | Place    | Note
-------+----------+-------------------------------------------
     0 | D:1      | Barriton the Draconian Conjurer began the quest for the
                  | Orb.
     0 | D:1      | Reached XP level 1. HP: 14/14 MP: 3/3
   184 | D:1      | Reached XP level 2. HP: 7/20 MP: 0/5
   434 | D:1      | Learned a level 2 spell: Searing Ray
   565 | D:1      | Reached XP level 3. HP: 26/26 MP: 1/6
  1397 | D:2      | Noticed Terence
  1401 | D:2      | HP: 1/23 [Terence/the +7 Throatcutter {drain, coup de
                  | grace} (1)]
  1403 | D:2      | Mangled by Terence

Illustrated notes

Levels and vault maps discovered:
D:1:      roderic_octagonal_star, layout_basic
D:2:      layout_loops_ring, basic_altar,
          dreamdust_ecumenical_altar_hidden_monk_grotto, serial_park_tiny_1,
          uniq_terence

Skill      XL: |  1  2 |
---------------+-------+-----
Stealth        | 2 |  2.1
Dodging        | |  1.9
Unarmed Combat | |  0.1
Spellcasting   | |  2.2
Conjurations   | |  4.8

Action                     || total
---------------------------++-------
  Melee: Unarmed           ||    24
         Tailslap          ||     2
   Cast: Magic Dart        ||    66
         Searing Ray       ||     2
    Use: Scroll            ||     4
         Potion            ||     1
 Armour: Skin              ||     4
  Dodge: Dodged            ||    14

Table legend: (Time is in decaauts)
 A = Elapsed time spent in this place.
 B = Non-inter-level travel time spent in this place.
 C = Inter-level travel time spent in this place.
 D = Time resting spent in this place.
 E = Time spent auto-exploring this place.
 F = Levels seen in this place.
 G = Mean time per level.
                   A        B        C        D        E       F      G
               +--------+--------+--------+--------+--------+-----+--------+
         Total |   1405 |   1391 |     14 |      0 |   1197 |   2 |  702.5 |
       Dungeon |   1405 |   1391 |     14 |      0 |   1197 |   2 |  702.5 |
               +--------+--------+--------+--------+--------+-----+--------+

Top non-repeatable levels by time:
     D:1: 1399 daAuts
     D:2: 5 daAuts
